 Dungeon Crawl Stone Soup version 0.25-a0-58-g9dd530fc12 (webtiles) character file.

Game seed: 8169527351432406978, levelgen mode: deterministic

1660456 Goomeeoh the Conqueror (level 27, 242/249 HPs)
             Began as a Formicid Arcane Marksman on Oct 26, 2019.
             Was the Champion of Okawaru.
             Escaped with the Orb
             ... and 3 runes on Oct 28, 2019!
             The game lasted 06:06:06 (83036 turns).

Goomeeoh the Conqueror (Formicid Arcane Marksman)  Turns: 83036, Time: 06:06:06

Health: 242/249    AC: 45    Str: 30    XL:     27
Magic:  35/35      EV: 14    Int:  9    God:    Okawaru [******]
Gold:   7284       SH: 33    Dex: 17    Spells: 34/39 levels left

rFire    + . .     SeeInvis +   a - +8 executioner's axe of Indomitability {chop, Dex+4}
rCold    + + .     Gourm    .   c - +6 large shield "Resy" {rC+ Int-5 Slay+2}
rNeg     + . .     Faith    .   G - +8 gold dragon scales
rPois    +         Spirit   .   (helmet unavailable)
rElec    .         Reflect  +   H - +2 cloak {+Inv}
rCorr    .         Harm     .   e - +2 pair of gloves {archery}
MR       ++...                  I - +2 pair of boots {run}
Stlth    ..........             k - +2 amulet of reflection
HPRegen  0.51/turn              Q - ring of positive energy
MPRegen  0.24/turn              d - ring of Checkmate {rPois AC-2 Str+3 Int-2 Slay+3}

@: mildly poisoned (242 -> 242), heroism, finesse, quick
A: permanent stasis, dig shafts and tunnels, four strong arms, antennae 3, thin
skeletal structure 1, strong 1, evolution 1, sturdy frame 1
0: Orb of Zot
}: 3/15 runes: serpentine, barnacled, silver
a: Dig, Shaft Self, Heroism, Finesse, Renounce Religion, Evoke Invisibility


You escaped.
You worshipped Okawaru.
Okawaru was exalted by your worship.
You were very full.

You visited 11 branches of the dungeon, and saw 53 of its levels.
You visited 1 bazaar.
You also visited: Trove, Gauntlet, Ice Cave, Volcano and Wizlab.

You collected 11483 gold pieces.
You spent 4199 gold pieces at shops.

Inventory:

Hand Weapons
 a - the +8 executioner's axe of Indomitability (weapon) {chop, Dex+4}
   (Okawaru gifted it to you on level 1 of the Elven Halls)

   It inflicts extra damage upon your enemies.
   It affects your dexterity (+4).
 b - a +9 vampiric executioner's axe
 p - the +8 battleaxe of the Trees {protect, *Corrode +Inv rElec rC+++}
   (Okawaru gifted it to you on level 3 of the Snake Pit)

   It grants its wielder temporary protection when it strikes (+7 to AC).
   It renders you almost immune to cold.
   It insulates you from electricity.
   It lets you turn invisible.
   It may corrode you when you take damage.
Missiles
 o - 30 curare-tipped darts
 t - 7 throwing nets
 J - 63 javelins
 R - 104 silver javelins (quivered)
Armour
 c - the +6 large shield "Resy" (worn) {rC+ Int-5 Slay+2}
   (You found it on level 7 of the Dungeon)

   It affects your intelligence (-5).
   It affects your accuracy and damage with ranged weapons and melee attacks
   (+2).
   It protects you from cold.
 e - a +2 pair of gloves of archery (worn)
 g - the cursed +0 pair of gloves of Entitlement {rF++ Str+4 Dex-3}
   (You found it on level 5 of the Vaults)

   It affects your strength (+4).
   It affects your dexterity (-3).
   It greatly protects you from fire.
   It has a curse placed upon it.
 G - +8 gold dragon scales (worn)
 H - a +2 cloak of invisibility (worn)
 I - a +2 pair of boots of running (worn)
Jewellery
 d - the ring of Checkmate (right hand) {rPois AC-2 Str+3 Int-2 Slay+3}
   (You found it in a Gauntlet)

   [ring of protection]

   It affects your AC (-2).
   It affects your strength (+3).
   It affects your intelligence (-2).
   It affects your accuracy and damage with ranged weapons and melee attacks
   (+3).
   It protects you from poison.
 i - a +2 ring of slaying
 k - a +2 amulet of reflection (around neck)
 y - the ring of Ojinkudwag {+Blink rF+ Int+2}
   (You found it on level 1 of the Shoals)

   [ring of protection from fire]

   It affects your intelligence (+2).
   It protects you from fire.
   It lets you blink.
 C - the ring "Suhiv" {MR+ Str+4}
   (You found it on level 5 of the Vaults)

   [ring of protection from magic]

   It affects your strength (+4).
   It affects your resistance to hostile enchantments.
 K - the ring of Filenlon {rPois rF+ MP+9}
   (You bought it in a shop in a bazaar)

   [ring of magical power]

   It protects you from fire.
   It protects you from poison.
   It affects your magic capacity (+9).
 M - the ring "Pysec" {Fire Int+4}
   (You found it on level 12 of the Dungeon)

   [ring of fire]

   It enhances your fire magic.
   It affects your intelligence (+4).
   It protects you from fire.
   It makes you vulnerable to cold.
 Q - a ring of positive energy (left hand)
Wands
 h - a wand of digging (9)
 A - a wand of iceblast (14)
 L - a wand of clouds (21)
 Z - a wand of acid (32)
Scrolls
 n - 19 scrolls of remove curse
 u - 17 scrolls of fog
 B - 11 scrolls of magic mapping
 D - a scroll of summoning
 P - 6 scrolls of identify
 W - 9 scrolls of fear
 X - 3 scrolls of holy word
Potions
 j - 16 potions of heal wounds
 l - 9 potions of might
 m - 9 potions of flight
 r - 5 potions of magic
 s - 7 potions of resistance
 w - 6 potions of invisibility
 z - 24 potions of curing
 E - 2 potions of ambrosia
 O - 6 potions of agility
 T - 11 potions of brilliance
 V - 8 potions of cancellation
Miscellaneous
 q - 5 phantom mirrors
 x - 8 boxes of beasts
 N - a lamp of fire
 S - a phial of floods
Comestibles
 f - 52 rations


   Skills:
 O Level 27 Fighting
   Level 6.0(11.0) Short Blades
 - Level 23.2(27) Axes
   Level 2.7(7.7) Crossbows
 - Level 22.0(27) Throwing
 - Level 23.0(27) Armour
 + Level 3.4(8.4) Dodging
 - Level 15.0(20.0) Shields
 - Level 7.5(12.5) Unarmed Combat
 - Level 6.7 Spellcasting
   Level 3.8 Hexes
 - Level 8.2 Charms
 - Level 5.0 Necromancy
 - Level 17.1 Invocations
 - Level 14.6 Evocations


You had 34 spell levels left.
You knew the following spells:

 Your Spells              Type           Power        Failure   Level  Hunger
a - Song of Slaying       Chrm           ###.....     4%          2    ##.....
b - Regeneration          Chrm/Necr      ##........   16%         3    ###....

Your spell library contained the following spells:

 Spells                   Type           Power        Failure   Level  Hunger
 Infusion                 Chrm           ###.         2%          1    None
 Animate Skeleton         Necr           N/A          11%         1    None
 Pain                     Necr           ##..         11%         1    None
 Sublimation of Blood     Necr           ##........   16%         2    ##.....
 Confusing Touch          Hex            ##....       17%         1    None
 Corona                   Hex            ##.....      17%         1    None
 Spectral Weapon          Hex/Chrm       ##......     21%         3    ###....
 Shroud of Golubria       Chrm/Tloc      ##....       22%         2    ##.....
 Slow                     Hex            ##......     26%         2    ##.....
 Vampiric Draining        Necr           ##........   30%         3    ###....
 Ozocubu's Armour         Chrm/Ice       ##......     41%         3    ###....
 Confuse                  Hex            ##......     45%         3    ###....
 Tukima's Dance           Hex            ##......     45%         3    ###....
 Ensorcelled Hibernation  Hex/Ice        #.....       50%         2    ##.....
 Apportation              Tloc           #.....       63%         1    None
 Beastly Appendage        Tmut           #.....       63%         1    None
 Flame Tongue             Conj/Fire      #....        63%         1    None
 Freeze                   Ice            #...         63%         1    None
 Magic Dart               Conj           #...         63%         1    None
 Sandblast                Erth           #.....       63%         1    None
 Sting                    Conj/Pois      #...         63%         1    None
 Summon Butterflies       Summ           #.......     63%         1    None
 Summon Small Mammal      Summ           #...         63%         1    None
 Animate Dead             Necr           N/A          71%         4    ####...
 Dazzling Spray           Conj/Hex       #.....       73%         3    ###....
 Inner Flame              Hex/Fire       #.......     73%         3    ###....
 Portal Projectile        Hex/Tloc       #.....       73%         3    ###....
 Summon Guardian Golem    Hex/Summ       #.......     73%         3    ###....
 Call Imp                 Summ           #.......     77%         2    ##.....
 Passwall                 Tmut/Erth      #.......     77%         2    ##.....
 Poisonous Vapours        Pois/Air       #.....       77%         2    ##.....
 Searing Ray              Conj           #.....       77%         2    ##.....
 Sticks to Snakes         Tmut           #.......     77%         2    ##.....
 Throw Frost              Conj/Ice       #.....       77%         2    ##.....
 Cause Fear               Hex            ##........   86%         4    ####...
 Call Canine Familiar     Summ           #.......     94%         3    ###....
 Conjure Flame            Conj/Fire      #.......     94%         3    ###....
 Gell's Gravitas          Tloc           #.........   94%         3    ###....
 Ignite Poison            Fire/Tmut/Pois #.......     94%         3    ###....
 Lesser Beckoning         Tloc           #.........   94%         3    ###....
 Mephitic Cloud           Conj/Pois/Air  #.......     94%         3    ###....
 Recall                   Summ/Tloc      N/A          94%         3    ###....
 Spider Form              Tmut/Pois      #.........   94%         3    ###....
 Stone Arrow              Conj/Erth      #.....       94%         3    ###....
 Teleport Other           Tloc           #.......     94%         3    ###....
 Fulminant Prism          Conj/Hex       #.........   98%         4    ####...
 Leda's Liquefaction      Hex/Erth       #.........   98%         4    ####...
 Iskenderun's Battlesphe  Conj/Chrm      ##......     99%         5    ######.
 Force Lance              Conj/Tloc      #.......     100%        4    ####...
 Ice Form                 Ice/Tmut       #.......     100%        4    ####...
 Iskenderun's Mystic Bla  Conj           #.......     100%        4    ####...
 Olgreb's Toxic Radiance  Pois           #.......     100%        4    ####...
 Petrify                  Tmut/Erth      #.......     100%        4    ####...
 Summon Ice Beast         Ice/Summ       #.......     100%        4    ####...
 Summon Lightning Spire   Summ/Air       #.......     100%        4    ####...
 Throw Icicle             Conj/Ice       #.......     100%        4    ####...
 Alistair's Intoxication  Tmut/Pois      #.......     100%        5    ######.
 Aura of Abjuration       Summ           #.........   100%        5    ######.
 Blade Hands              Tmut           #.........   100%        5    ######.
 Bolt of Magma            Conj/Fire/Erth #.........   100%        5    ######.
 Borgnjor's Vile Clutch   Necr/Erth      #.........   100%        5    ######.
 Lee's Rapid Deconstruct  Erth           #.........   100%        5    ######.
 Metabolic Englaciation   Hex/Ice        #.........   100%        5    ######.
 Silence                  Hex/Air        #.........   100%        5    ######.
 Summon Demon             Summ           #.........   100%        5    ######.
 Summon Forest            Summ/Tloc      #.........   100%        5    ######.
 Summon Mana Viper        Hex/Summ       #.......     100%        5    ######.
 Venom Bolt               Conj/Pois      #.........   100%        5    ######.
 Yara's Violent Unravell  Hex/Tmut       #.........   100%        5    ######.
 Bolt of Cold             Conj/Ice       #.........   100%        6    #######
 Bolt of Fire             Conj/Fire      #.........   100%        6    #######
 Conjure Ball Lightning   Conj/Air       #.........   100%        6    #######
 Darkness                 Hex            ##........   100%        6    #######
 Death Channel            Necr           ##........   100%        6    #######
 Deflect Missiles         Chrm/Air       ##........   100%        6    #######
 Dispersal                Tloc           #.........   100%        6    #######
 Freezing Cloud           Conj/Ice/Air   #.........   100%        6    #######
 Invisibility             Hex            ##......     100%        6    #######
 Iron Shot                Conj/Erth      #.........   100%        6    #######
 Ozocubu's Refrigeration  Ice            #.........   100%        6    #######
 Shadow Creatures         Summ           N/A          100%        6    #######
 Simulacrum               Ice/Necr       #.........   100%        6    #######
 Haunt                    Necr/Summ      #.........   100%        7    #######
 Orb of Destruction       Conj           #.........   100%        7    #######
 Ring of Flames           Chrm/Fire      ##........   100%        7    #######
 Spellforged Servitor     Conj/Summ      #.........   100%        7    #######
 Summon Hydra             Summ           #.........   100%        7    #######
 Borgnjor's Revivificati  Necr           ##........   100%        8    #######
 Death's Door             Chrm/Necr      ##........   100%        8    #######
 Discord                  Hex            ##........   100%        8    #######
 Infestation              Necr           ##........   100%        8    #######
 Necromutation            Tmut/Necr      #.........   100%        8    #######
 Dragon's Call            Summ           #.........   100%        9    #######
 Blink                    Tloc           Unusable     N/A         2    N/A
 Passage of Golubria      Tloc           Unusable     N/A         4    N/A
 Controlled Blink         Tloc           Unusable     N/A         8    N/A

Dungeon Overview and Level Annotations

Branches:
Dungeon (15/15)            Temple (1/1) D:4            Lair (6/6) D:8
 Shoals (4/4) Lair:2        Snake (4/4) Lair:2        Slime (0/5) Lair:6
    Orc (2/2) D:10            Elf (3/3) Orc:2        Vaults (5/5) D:13
  Crypt (3/3) Vaults:3       Tomb (0/3) Crypt:3      Depths (5/5) D:15
    Zot (5/5) Depths:5      IceCv (visited)         Volcano (visited)
 WizLab (visited)         Gauntlet (visited)

Altars:
Ashenzari
Cheibriados
Dithmenos
Elyvilon
Fedhas
Gozag
Hepliaklqana
Kikubaaqudgha
Makhleb
Nemelex Xobeh
Okawaru
Qazlal
Ru
Sif Muna
Trog
Uskayaw
Vehumet
Wu Jian
Xom
Yredelemnul
Zin
The Shining One
Beogh
Jiyva

Shops:
D:7 !   D:12 (   D:13 !   D:14 :   Orc:2 ?[*((?[   Shoals:3 *   Snake:1 }=}
Snake:2 :   Snake:4 %   Vaults:4 !((*   Vaults:5 *   Depths:1 *
Depths:3 %*!?=   Depths:4 *

Portals:
Hell: Depths:1 Depths:2 Depths:3 Depths:4 Depths:5
Abyss: Depths:4 Depths:5
Pandemonium: Depths:1 Depths:3
Ziggurat: Depths:5

Annotations:
D:2 exclusion: downstairs
D:3 Grinder
D:6 exclusion: downstairs
D:11 exclusion: 2 downstairs
D:12 bmj180's ghost, journeyman GrEE
Shoals:1 exclusion: 2 downstairs
Vaults:2 1 runed translucent door, Faedia's ghost, adept GnWn


Innate Abilities, Weirdness & Mutations

You cannot be hasted, slowed, berserked, paralysed or teleported.
You can dig through walls and to a lower floor.
Your four strong arms can wield two-handed weapons with a shield.
You have a pair of large antennae on your head. (SInv)
You have a somewhat thin skeletal structure. (Dex +2, Stealth)
Your muscles are strong. (Str +2)
You evolve.
Your movements are slightly less encumbered by armour. (ER -2)


Message History

The poison arrow hits you!
You are poisoned.
You partially resist.
You climb upwards.
You feel sick.
There is a stone staircase leading down here.
You feel sick.
You extend your mandibles.
You dig through the rock wall.
You feel sick.
You dig through the rock wall.
You dig through the rock wall.
You dig through the rock wall.
You feel sick.
You dig through the rock wall.
You dig through the rock wall.
You dig through the rock wall.
You feel sick.
You dig through the rock wall.
You dig through the rock wall.
You retract your mandibles.
You feel sick.
You feel sick.
There is a staircase leading out of the dungeon here.
You have escaped!

#.# ##.###.## #...... #.# #.##.##
####### #.# ######+#.#### # #.#
#...........# # ## #.#
#...........# #
.###.######...[.......# #
.##..)...##...........# ### #
......##.##...........# ##.## #
.......#.##.....@.....# ##...## #
.........##...........###.....###
.##..###.##...........##.........
.##..###.##...........###...(.###
###......##...........# ##...## #
##'######...........# ##.## #
##...## ######'###### #.#
##.....## #####.### #.##
#.......## #.#.#.#.# #####..##


There were no monsters in sight!

Vanquished Creatures
  2 orbs of fire (Zot:5)
  A juggernaut (Depths:2)
  7 ancient liches
  A greater mummy (WizLab)
  Sojobo (Vaults:2)
  Saint Roka (Snake:2)
  9 Killer Klowns
  Frederick (Vaults:3)
  Margery (Crypt:3)
  Xtahua (Crypt:2)
  11 caustic shrikes
  10 golden dragons
  The ghost of Hiusot the Demonologist, a veteran BaSu of Cheibriados (Depths:5)
  A Tzitzimitl (D:2)
  4 electric golems
  27 tentacled monstrosities
  25 Orb Guardians (Zot:5)
  Rupert (D:12)
  2 deep elf master archers (Elf:3)
  8 quicksilver dragons
  5 krakens
  4 liches
  3 deep elf blademasters
  6 sphinxes
  4 titans (Vaults:5)
  8 acid blobs
  Polyphemus (Shoals:4)
  9 death cobs
  An ancient champion (Crypt:1)
  Kirke (D:12)
  10 tengu reavers
  12 storm dragons
  5 draconian monks
  10 shadow dragons
  2 revenants (Crypt:2)
  11 nagarajas
  6 draconian knights
  3 azure jellies (Depths:4)
  11 fire giants
  A frost giant (shapeshifter) (Vaults:5)
  The ghost of Toadaguf the Martial Artist, an adept TeTm of Okawaru (Shoals:1)
  8 deep elf sorcerers
  A balrug (Depths:1)
  4 ghost moths
  9 frost giants
  3 iron dragons
  20 vault wardens
  An orc warlord (Orc:2)
  10 draconian scorchers
  6 deep elf elementalists
  Aizul (Snake:2)
  A caustic shrike skeleton (Depths:3)
  11 ghouls
  A curse skull (Crypt:3)
  2 spriggan defenders (Depths:3)
  2 draconian stormcallers
  8 draconian shifters
  5 war gargoyles
  12 draconian annihilators
  14 ironheart preservers
  A juggernaut skeleton (Depths:3)
  39 very ugly things
  21 stone giants
  8 green draconians
  3 entropy weavers
  An entropy weaver (shapeshifter) (Vaults:5)
  A large abomination (Vaults:5)
  24 yellow draconians
  11 black draconians
  6 deep elf annihilators
  5 deep elf demonologists
  Azrael (D:12)
  6 vampire knights
  A lorocyproca (D:3)
  11 red draconians
  A minotaur (Gauntlet)
  15 purple draconians
  7 white draconians
  2 spark wasps (Depths:2)
  4 deep elf death magi
  2 blizzard demons (IceCv)
  Snorg (Orc:2)
  7 merfolk javelineers
  2 eidola
  20 ettins
  A green death (Gauntlet)
  2 mummy priests (WizLab)
  17 fire dragons
  8 death oozes
  5 jiangshi
  Harold (D:8)
  3 deep elf high priests
  12 merfolk impalers
  6 rakshasas
  17 yaktaur captains
  7 hydras
  12 ice dragons
  27 vault guards
  A quicksilver dragon zombie (Crypt:3)
  2 spriggan air magi
  7 great orbs of eyes
  23 naga warriors
  2 catoblepae
  3 alligator snapping turtles
  A hell beast (Zot:2)
  A quicksilver dragon skeleton (Depths:3)
  12 anacondas
  The ghost of Cyomil the Jinx, a journeyman VSWn of Dithmenos (Orc:1)
  3 merfolk avatars (Shoals:4)
  6 centaur warriors
  7 death knights
  11 ogre magi
  27 dancing weapons
  45 two-headed ogres
  8 merfolk aquamancers
  6 death yaks
  A thrashing horror (Gauntlet)
  9 tengu warriors
  5 deep troll earth magi
  5 deep troll shamans
  Urug (D:12)
  An orc high priest (Orc:2)
  A storm dragon zombie (Crypt:1)
  7 vampire magi
  3 spriggan berserkers
  8 naga sharpshooters
  2 sun demons (Depths:1)
  9 shock serpents
  17 deep elf knights
  A titan skeleton (Depths:3)
  10 hell knights
  3 soul eaters
  A fire crab (Lair:6)
  A shadow wraith (Vaults:3)
  5 salamander mystics
  A golden dragon zombie (WizLab)
  6 iron trolls
  28 skeletal warriors
  2 storm dragon skeletons
  6 unseen horrors
  7 deep elf archers
  3 glowing orange brains
  2 spark wasp zombies
  A shadow demon (D:6)
  15 naga ritualists
  An anaconda zombie (Crypt:3)
  22 deep trolls
  16 sea snakes
  16 ironbrand convokers
  A lindwurm (Lair:6)
  24 harpies
  6 flayed ghosts
  A golden dragon skeleton (Depths:3)
  2 wolf spider zombies
  6 wizards
  2 sphinx zombies (WizLab)
  25 phantasmal warriors
  9 mana vipers
  A mana viper (shapeshifter) (Vaults:5)
  7 necromancers
  3 oklob plants (Zot:3)
  48 deep elf magi
  An iron dragon zombie (Crypt:1)
  5 wolf spiders
  8 orc knights
  A fire giant zombie (Crypt:3)
  2 stone giant zombies (WizLab)
  3 orc sorcerers
  2 shadow dragon skeletons
  14 manticores
  A tengu skeleton (Depths:3)
  2 iron dragon skeletons (Depths:3)
  A cyclops (shapeshifter) (Vaults:5)
  41 ugly things
  3 sphinx skeletons (Depths:3)
  5 fauns
  2 fire giant skeletons
  13 salamanders
  A frost giant zombie (WizLab)
  4 stone giant skeletons
  4 cyclopes
  5 frost giant skeletons
  40 black mambas
  29 moths of wrath
  5 water nymphs
  9 guardian serpents
  10 elephants
  2 eyes of devastation (shapeshifter)
  13 naga magi
  11 merfolk sirens
  2 ice statues
  A centaur zombie (D:13)
  A torpor snail (shapeshifter) (Vaults:5)
  A demonspawn zombie (WizLab)
  11 spiny frogs
  A storm dragon simulacrum (Crypt:1)
  6 smoke demons (Crypt:3)
  A torpor snail (Lair:5)
  8 vault sentinels
  2 molten gargoyles (Volcano)
  2 yaktaur zombies (WizLab)
  An orange demon (Gauntlet)
  14 gargoyles
  A rime drake (shapeshifter) (Vaults:5)
  68 yaktaurs
  3 efreet (Zot:2)
  3 spriggan skeletons
  A hellion (Zot:2)
  A minotaur zombie (Gauntlet)
  A komodo dragon (shapeshifter) (Depths:5)
  A spiny frog (shapeshifter) (Elf:3)
  9 komodo dragons
  4 kobold demonologists
  9 rime drakes
  A catoblepas zombie (Crypt:2)
  2 tormentors
  9 freezing wraiths
  3 anaconda simulacra (IceCv)
  7 ice devils (IceCv)
  A golden dragon simulacrum (IceCv)
  5 tengu conjurers
  3 meliai (D:14)
  6 red devils (Crypt:3)
  A catoblepas skeleton (Crypt:2)
  9 guardian mummies
  3 polar bears (Lair:6)
  14 trolls
  3 hornets
  A harpy zombie (Crypt:3)
  A wolf spider simulacrum (IceCv)
  26 blink frogs
  26 merfolk
  A polar bear (shapeshifter) (Vaults:1)
  2 wind drakes (Shoals:2)
  A bog body (Crypt:2)
  An ettin zombie (Vaults:2)
  11 snapping turtles
  22 hippogriffs
  A tengu simulacrum (Vaults:3)
  A blink frog (shapeshifter) (Depths:1)
  A slime creature (shapeshifter) (Elf:2)
  26 dream sheep
  3 small abominations (Gauntlet)
  34 slime creatures
  A tarantella zombie (Crypt:1)
  10 flying skulls (Depths:3)
  2 dream sheep (shapeshifter)
  An air elemental (Elf:3)
  8 centaur simulacra
  7 redbacks
  3 hogs (D:12)
  A tarantella (shapeshifter) (Depths:2)
  Grum (D:8)
  4 vampires
  10 wyverns
  An ettin skeleton (Depths:3)
  24 water elementals
  65 yaks
  A satyr skeleton (Crypt:2)
  An alligator skeleton (Crypt:3)
  8 fire elementals
  8 humans (Zot:1)
  2 fire bats (Volcano)
  4 shadows (Crypt:3)
  A golden eye (shapeshifter) (Depths:4)
  6 basilisks
  3 elf skeletons (Depths:3)
  8 wraiths
  2 black mamba skeletons
  3 steam dragons
  A steam dragon (shapeshifter) (Depths:5)
  3 hungry ghosts
  A death yak simulacrum (IceCv)
  6 wargs
  2 acid dragons
  A tengu zombie (WizLab)
  4 harpy simulacra (IceCv)
  2 iron troll simulacra (IceCv)
  73 nagas
  A gelid demonspawn skeleton (Crypt:1)
  Duvessa (D:6)
  2 hydra simulacra (IceCv)
  7 hell hounds
  A floating eye (Depths:4)
  14 porcupines
  13 water moccasins
  A hornet zombie (D:12)
  5 ice beasts
  2 spiny frog skeletons (Crypt:3)
  2 sky beasts
  4 human zombies
  An eye of draining (shapeshifter) (D:12)
  A necrophage (Crypt:2)
  38 ogres
  48 orc warriors
  2 black bears
  3 boggarts (D:14)
  An ogre (shapeshifter) (D:15)
  4 phantoms
  A dream sheep zombie (Crypt:1)
  3 ettin simulacra (IceCv)
  2 orc skeletons
  A boggart (shapeshifter) (D:15)
  An elf zombie (WizLab)
  19 centaurs
  11 wolves
  14 crocodiles
  An octopode zombie (Crypt:1)
  9 big kobolds
  16 bullfrogs
  A hippogriff skeleton (Crypt:1)
  5 earth elementals
  A yaktaur skeleton (Crypt:2)
  2 human skeletons
  Dowan (D:6)
  2 wyvern skeletons
  6 scorpions
  A swamp dragon simulacrum (IceCv)
  An elephant simulacrum (IceCv)
  A human simulacrum (Vaults:1)
  9 killer bees
  8 wights
  4 howler monkeys (D:10)
  2 vampire bats (Orc:2)
  7 electric eels
  A howler monkey (shapeshifter) (Vaults:5)
  7 crimson imps
  A bullfrog zombie (D:11)
  5 lava snakes (Volcano)
  2 quasits (D:9)
  3 draconian simulacra (IceCv)
  11 hounds
  18 jellies
  2 bullfrog skeletons
  26 orc priests
  14 centaur skeletons
  6 iguanas
  11 worker ants
  34 orc wizards
  A polar bear simulacrum (IceCv)
  A spriggan simulacrum (IceCv)
  6 troll simulacra (IceCv)
  A wolf simulacrum (IceCv)
  3 bullfrog simulacra (D:12)
  2 hound zombies (D:11)
  4 mummies (Crypt:1)
  2 hound skeletons (D:7)
  A howler monkey zombie (D:10)
  3 worker ant zombies
  An ogre simulacrum (IceCv)
  11 adders
  2 howler monkey skeletons
  A naga simulacrum (IceCv)
  4 shadow imps
  A steam dragon skeleton (Crypt:2)
  3 white imps (IceCv)
  5 ufetubi (IceCv)
  3 oozes
  3 adder skeletons
  2 adder zombies
  5 worms
  A dart slug (D:2)
  6 leopard geckos
  113 orcs
  A ball python (D:5)
  11 bats
  4 giant cockroaches
  11 hobgoblins
  2 jackals (D:7)
  26 kobolds
  5 quokkas
  A ball python zombie (D:5)
  5 frilled lizards
  9 goblins
  A jackal zombie (D:8)
  A leopard gecko skeleton (D:5)
  A leopard gecko zombie (D:6)
  An orc zombie (Crypt:3)
  3 rats
  A bush (Lair:6)
  2 crawling corpses (Vaults:5)
  7 fungi
  17 plants
  15 tentacles
2805 creatures vanquished.

Vanquished Creatures (collateral kills)
  A naga (Snake:4)
1 creature vanquished.

Vanquished Creatures (others)
  2 nagarajas (Snake:3)
  A draconian annihilator (Zot:2)
  A draconian stormcaller (Zot:4)
  5 stone giants
  A yellow draconian (Depths:5)
  3 yaktaur captains
  2 satyrs
  2 naga sharpshooters
  A deep elf knight (Elf:2)
  A shadow wraith (Vaults:1)
  2 deep elf archers
  A harpy (Shoals:4)
  A cyclops (Shoals:3)
  A water nymph (Shoals:4)
  22 yaktaurs
  2 water elementals
  An orc warrior (Vaults:1)
  2 jellies (Zot:3)
  An orc (Orc:1)
  A bush (Lair:5)
  A demonic plant (Gauntlet)
  18 fungi
  51 plants
  58 tentacles
181 creatures vanquished.

Grand Total: 2987 creatures vanquished

Notes
Turn   | Place    | Note
-------+----------+-------------------------------------------
     0 | D:1      | Goomeeoh the Formicid Arcane Marksman began the quest for
                  | the Orb.
     0 | D:1      | Reached XP level 1. HP: 15/15 MP: 2/2
    77 | D:1      | Reached XP level 2. HP: 20/21 MP: 3/3
   604 | D:1      | Reached skill level 2 in Fighting
   604 | D:1      | Reached skill level 1 in Armour
   604 | D:1      | Reached XP level 3. HP: 24/27 MP: 4/4
  1287 | D:2      | Reached XP level 4. HP: 20/33 MP: 5/5
  1508 | D:2      | Found an ancient bone altar of Kikubaaqudgha.
  1570 | D:2      | Reached skill level 1 in Throwing
  1798 | D:2      | Reached XP level 5. HP: 31/39 MP: 6/6
  1897 | D:2      | Found a bloodstained altar of Trog.
  2415 | D:3      | Noticed Grinder
  3348 | D:3      | Reached XP level 6. HP: 36/46 MP: 7/7
  3641 | D:3      | Reached skill level 3 in Fighting
  3870 | D:4      | Noticed a sky beast
  3937 | D:3      | Killed a sky beast
  4032 | D:4      | Reached XP level 7. HP: 49/52 MP: 8/8
  4609 | D:4      | Found a staircase to the Ecumenical Temple.
  4624 | Temple   | Entered the Ecumenical Temple
  4746 | Temple   | Became a worshipper of Warmaster Okawaru
  5010 | D:5      | Entered Level 5 of the Dungeon
  5258 | D:5      | Reached skill level 4 in Fighting
  5258 | D:5      | Reached skill level 5 in Throwing
  5258 | D:5      | Reached XP level 8. HP: 42/60 MP: 9/9
  5375 | D:5      | Found an ornate altar of the Wu Jian Council.
  5403 | D:5      | Reached skill level 5 in Armour
  5712 | D:5      | Reached * piety under Okawaru
  6450 | D:6      | Reached skill level 1 in Invocations
  6775 | D:6      | Found a glowing golden altar of the Shining One.
  6817 | D:6      | Reached XP level 9. HP: 61/67 MP: 10/10
  6852 | D:6      | Noticed Dowan
  6853 | D:6      | Noticed Duvessa
  6889 | D:6      | Killed Duvessa
  6889 | D:6      | Reached skill level 5 in Fighting
  6896 | D:6      | Killed Dowan
  6896 | D:6      | Reached ** piety under Okawaru
  7120 | D:6      | Got a scorched rapier
  7121 | D:6      | Identified the cursed +3 rapier "Orb Guardian's Curse"
                  | {pierce, rF+ Stlth+} (You found it on level 6 of the
                  | Dungeon)
  7205 | D:6      | Found a blossoming altar of Fedhas.
  7216 | D:6      | Found a shimmering blue altar of Sif Muna.
  7251 | D:6      | Identified Sif Muna's Reference Book on Companions
  7532 | D:7      | Noticed a hippogriff
  7553 | D:7      | Killed a hippogriff
  7996 | D:7      | Found a burning altar of Makhleb.
  8073 | D:7      | Reached *** piety under Okawaru
  8133 | D:7      | Found Vamowad's Distillery.
  8143 | D:7      | Reached skill level 1 in Short Blades
  8226 | D:7      | Noticed a slime creature
  8262 | D:7      | Reached XP level 10. HP: 28/76 MP: 12/12
  8568 | D:7      | Reached skill level 6 in Fighting
  8606 | D:7      | Noticed a manticore
  8620 | D:7      | Killed a manticore
  9292 | D:7      | Reached skill level 7 in Fighting
  9309 | D:7      | Got a twisted large shield
  9315 | D:7      | Identified the +6 large shield "Resy" {rC+ Int-5 Slay+2}
                  | (You found it on level 7 of the Dungeon)
  9525 | D:7      | Bought 2 potions of heal wounds for 110 gold pieces
  9525 | D:7      | Bought a potion of mutation for 88 gold pieces
  9525 | D:7      | Gained mutation: You expend magic power (3 MP) to
                  | strengthen your wands. [potion of mutation]
  9525 | D:7      | Gained mutation: Scrolls take you a little longer to read.
                  | [potion of mutation]
  9525 | D:7      | Gained mutation: You are partially covered in iridescent
                  | scales. (AC +2) [potion of mutation]
  9526 | D:7      | Lost mutation: Scrolls take you a little longer to read.
                  | [potion of mutation]
  9526 | D:7      | Lost mutation: You expend magic power (3 MP) to strengthen
                  | your wands. [potion of mutation]
  9526 | D:7      | Gained mutation: Armour fits poorly on your strangely
                  | shaped body. [potion of mutation]
  9526 | D:7      | Gained mutation: You are robust. (+10% HP) [potion of
                  | mutation]
  9625 | D:8      | Found a staircase to the Lair.
  9732 | D:8      | Reached **** piety under Okawaru
  9993 | D:8      | Noticed Harold
 10019 | D:8      | Killed Harold
 10019 | D:8      | Received a gift from Okawaru
 10019 | D:8      | Reached skill level 5 in Invocations
 10086 | D:8      | Found a shadowy altar of Dithmenos.
 10087 | D:8      | Noticed Grum
 10108 | D:8      | Killed Grum
 10204 | D:8      | Noticed a wizard
 10217 | D:8      | Killed a wizard
 10217 | D:8      | Received a gift from Okawaru
 10217 | D:8      | Reached XP level 11. HP: 92/92 MP: 14/14
 10748 | D:8      | Noticed a three-headed hydra
 10756 | D:8      | Killed a one-headed hydra
 10756 | D:8      | Reached ***** piety under Okawaru
 10756 | D:8      | Reached skill level 8 in Fighting
 10756 | D:8      | Reached skill level 5 in Shields
 11462 | D:9      | Reached skill level 5 in Short Blades
 11557 | D:9      | Found a shattered altar of Ashenzari.
 11742 | D:9      | Found Bapnihun's Magic Scroll Shoppe.
 12004 | D:10     | Entered Level 10 of the Dungeon
 12256 | D:10     | Received a gift from Okawaru
 12812 | D:10     | Found a staircase to the Orcish Mines.
 12864 | D:10     | Found a roughly hewn altar of Beogh.
 13302 | D:10     | Noticed a centaur warrior
 13322 | D:10     | Killed a centaur warrior
 13322 | D:10     | Received a gift from Okawaru
 13322 | D:10     | Reached skill level 10 in Armour
 13322 | D:10     | Reached XP level 12. HP: 84/103 MP: 13/15
 13737 | D:11     | Reached skill level 9 in Fighting
 13762 | D:11     | Received a gift from Okawaru
 14860 | D:12     | Received a gift from Okawaru
 14867 | D:12     | Noticed a sixfirhy
 14872 | D:12     | Reached skill level 10 in Shields
 15127 | D:12     | Noticed bmj180's ghost (journeyman GrEE)
 15154 | D:12     | Reached ****** piety under Okawaru
 15206 | D:12     | Found a runed translucent gate.
 15206 | D:12     | Found a runed translucent gate.
 15206 | D:12     | Found a runed translucent gate.
 15220 | D:12     | Noticed a two-headed ogre
 15250 | D:12     | Killed a two-headed ogre
 15250 | D:12     | Received a gift from Okawaru
 15385 | D:12     | Noticed a seven-headed hydra
 15397 | D:12     | Killed a four-headed hydra
 15397 | D:12     | Received a gift from Okawaru
 15656 | D:12     | Noticed an unseen horror
 15676 | D:12     | Killed an unseen horror
 15676 | D:12     | Received a gift from Okawaru
 15774 | D:12     | Reached XP level 13. HP: 111/111 MP: 16/16
 15783 | D:12     | Noticed Azrael
 15804 | D:12     | Killed Azrael
 15804 | D:12     | Reached skill level 10 in Throwing
 16061 | D:12     | Noticed Kirke
 16073 | D:12     | Killed Kirke
 16073 | D:12     | Received a gift from Okawaru
 16073 | D:12     | Reached skill level 1 in Axes
 16319 | D:12     | Found Kyggabec's Antique Weapon Shoppe.
 16319 | D:12     | Noticed Rupert
 16331 | D:12     | Killed Rupert
 16331 | D:12     | Reached skill level 10 in Fighting
 16342 | D:12     | Bought a steaming longbow for 294 gold pieces
 16342 | D:12     | Identified the +5 longbow "Death Rattle" {venom, rElec
                  | rPois rN+++ Stlth-} (You bought it in a shop on level 12 of
                  | the Dungeon)
 16448 | D:12     | Noticed Urug
 16460 | D:12     | Killed Urug
 16636 | D:12     | Noticed a war gargoyle
 16641 | D:12     | Killed a war gargoyle
 16641 | D:12     | Received a gift from Okawaru
 16642 | D:12     | Found the +4 skin of Zhor {Hibernate rC+++ SInv}
 16856 | D:13     | Found Ibrazep's Distillery.
 16874 | D:13     | Bought a potion of mutation for 104 gold pieces
 16874 | D:13     | Lost mutation: You are robust. (+10% HP) [potion of
                  | mutation]
 16874 | D:13     | Lost mutation: Armour fits poorly on your strangely shaped
                  | body. [potion of mutation]
 16874 | D:13     | Lost mutation: You are partially covered in iridescent
                  | scales. (AC +2) [potion of mutation]
 16874 | D:13     | Gained mutation: Your spells are a little harder to cast,
                  | but a little more powerful. [potion of mutation]
 16874 | D:13     | Gained mutation: You are partially covered in slimy green
                  | scales. (AC +2) [potion of mutation]
 16874 | D:13     | Gained mutation: Your mind is acute. (Int +2) [potion of
                  | mutation]
 17042 | D:13     | Found a radiant altar of Vehumet.
 17087 | D:13     | Identified a scroll of acquirement
 17339 | D:13     | Reached skill level 5 in Axes
 17344 | D:13     | Reached XP level 14. HP: 69/111 MP: 15/17
 17970 | D:13     | Found a gate to the Vaults.
 18295 | D:14     | Got an iridescent great sword
 18296 | D:14     | Identified the +4 great sword of Pyromania {freeze, -Tele
                  | MR++} (You found it on level 14 of the Dungeon)
 18325 | D:14     | Lost mutation: Your spells are a little harder to cast, but
                  | a little more powerful. [potion of mutation]
 18325 | D:14     | Lost mutation: Your mind is acute. (Int +2) [potion of
                  | mutation]
 18325 | D:14     | Gained mutation: You are dopey. (Int -2) [potion of
                  | mutation]
 18325 | D:14     | Gained mutation: You evolve. [potion of mutation]
 18325 | D:14     | Gained mutation: Your spells are a little harder to cast,
                  | but a little more powerful. [potion of mutation]
 18650 | D:14     | Received a gift from Okawaru
 19281 | D:14     | Found Tonuto's Book Emporium.
 19642 | D:15     | Entered Level 15 of the Dungeon
 19674 | D:15     | Received a gift from Okawaru
 19694 | D:15     | Reached skill level 11 in Fighting
 19775 | D:15     | Received a gift from Okawaru
 19919 | D:15     | Received a gift from Okawaru
 20173 | D:15     | Reached XP level 15. HP: 105/119 MP: 18/18
 20534 | D:15     | Found a staircase to the Depths.
 20879 | D:15     | Received a gift from Okawaru
 21208 | Lair:1   | Entered Level 1 of the Lair of Beasts
 21299 | Lair:1   | Found a gate leading to a gauntlet.
 21332 | Gauntlet | Entered a Gauntlet
 21332 | Gauntlet | Found a transporter.
 21342 | Gauntlet | Found a transporter.
 21356 | Gauntlet | Found a transporter.
 21360 | Gauntlet | Found a transporter.
 21370 | Gauntlet | Found a transporter.
 21390 | Gauntlet | Found a transporter.
 21394 | Gauntlet | Found a transporter.
 21398 | Gauntlet | Found a transporter.
 21419 | Gauntlet | Found a transporter.
 21436 | Gauntlet | Found a transporter.
 21440 | Gauntlet | Found a transporter.
 21452 | Gauntlet | Found a transporter.
 21520 | Gauntlet | Got a pair of polished boots
 21526 | Gauntlet | Identified the +5 pair of boots of Ujuikk {rElec rF-
                  | Stlth+} (You found it in a Gauntlet)
 21602 | Gauntlet | Got a scintillating pewter ring
 21613 | Gauntlet | Received a gift from Okawaru
 21625 | Gauntlet | Got a shimmering dire flail
 21671 | Gauntlet | Identified the +6 falchion of Naurorph {antimagic, Dex+5}
 21684 | Gauntlet | Identified the +7 dire flail "Ofiaqacw" {pain, *Drain rC++
                  | Dex+7} (You found it in a Gauntlet)
 22113 | Lair:1   | Received a gift from Okawaru
 22236 | Lair:1   | Reached skill level 10 in Axes
 22275 | Lair:1   | Identified the cursed ring of Checkmate {rPois AC-2 Str+3
                  | Int-2 Slay+3} (You found it in a Gauntlet)
 23018 | D:12     | Got the ring "Pysec" {Fire}
 23166 | Lair:1   | Got a heavily runed chain mail {god gift}
 23177 | Lair:1   | Identified the +10 chain mail of the Poles {MP-9 Dex+9}
                  | (Okawaru gifted it to you on level 1 of the Lair of Beasts)
 23294 | Lair:2   | Identified the ring "Pysec" {Fire Int+4} (You found it on
                  | level 12 of the Dungeon)
 23303 | Lair:2   | Found a dark tunnel.
 23309 | Volcano  | Entered a volcano
 23630 | Volcano  | Found a burning altar of Makhleb.
 23639 | Volcano  | Reached skill level 15 in Shields
 23887 | Lair:2   | You fall into a shaft and drop 1 floor!
 24190 | Lair:2   | Found a staircase to the Shoals.
 24274 | Lair:2   | Reached XP level 16. HP: 124/127 MP: 10/19
 24373 | Lair:2   | Received a gift from Okawaru
 24477 | Lair:2   | Lost mutation: You are dopey. (Int -2) [evolution]
 24480 | Lair:2   | Found a staircase to the Snake Pit.
 24996 | Lair:3   | Reached skill level 12 in Fighting
 26338 | Lair:5   | Received a gift from Okawaru
 27424 | Lair:6   | Entered Level 6 of the Lair of Beasts
 27674 | Lair:6   | Found a staircase to the Slime Pits.
 27674 | Lair:6   | Found a viscous altar of Jiyva.
 28133 | Lair:6   | Received a gift from Okawaru
 28263 | Lair:6   | Reached XP level 17. HP: 132/135 MP: 11/20
 28823 | Orc:1    | Entered Level 1 of the Orcish Mines
 28823 | Orc:1    | Found a roughly hewn altar of Beogh.
 29134 | Orc:1    | Found a runed translucent gate.
 29134 | Orc:1    | Found a runed translucent gate.
 29134 | Orc:1    | Found a runed translucent gate.
 29134 | Orc:1    | Noticed Cyomil's ghost (journeyman VSWn)
 29515 | Orc:1    | Killed Cyomil's ghost
 29566 | Orc:2    | Entered Level 2 of the Orcish Mines
 29566 | Orc:2    | Found Gejaf's Assorted Antiques.
 29571 | Orc:2    | Bought a scroll labeled LUMOCUDAFF for 24 gold pieces
 29571 | Orc:2    | Bought a scroll of magic mapping for 84 gold pieces
 29743 | Orc:2    | Received a gift from Okawaru
 29773 | Orc:2    | Noticed Snorg
 29787 | Orc:2    | Killed Snorg
 29867 | Orc:2    | Reached skill level 13 in Fighting
 29889 | Orc:2    | Found Wout's Antique Armour Boutique.
 29890 | Orc:2    | Found a roughly hewn altar of Beogh.
 29904 | Orc:2    | Found Aqapsoi's Antique Weapon Shop.
 29999 | Orc:2    | Bought a pair of runed gloves for 135 gold pieces
 30010 | Orc:2    | Bought a glowing cloak for 135 gold pieces
 30032 | Orc:2    | Gained mutation: You are resistant to hostile enchantments.
                  | (MR+) [evolution]
 30428 | Orc:2    | Found Sontaf's Magic Scroll Emporium.
 30431 | Orc:2    | Bought a scroll of identify for 30 gold pieces
 30458 | Orc:2    | Found a roughly hewn altar of Beogh.
 30459 | Orc:2    | Found Muifan's Antique Armour Emporium.
 30548 | Orc:2    | Found a roughly hewn altar of Beogh.
 30598 | Orc:2    | Found Cexkyss's Magic Scroll Emporium.
 30609 | Orc:2    | Found a burning altar of Makhleb.
 30640 | Orc:2    | Found a roughly hewn altar of Beogh.
 30951 | Orc:2    | Found a staircase to the Elven Halls.
 30970 | Orc:2    | Found a roughly hewn altar of Beogh.
 31015 | Orc:2    | Found a roughly hewn altar of Beogh.
 31037 | Orc:2    | Found a roughly hewn altar of Beogh.
 31050 | Orc:2    | Found Caxann's Antique Weapon Boutique.
 31251 | Snake:1  | Entered Level 1 of the Snake Pit
 31551 | Snake:1  | Received a gift from Okawaru
 31874 | Snake:1  | Found Hoisy's Gadget Shop.
 31874 | Snake:1  | Found Ynir's Jewellery Emporium.
 31875 | Snake:1  | Found Rimaosui's Gadget Shop.
 32298 | Snake:2  | Reached skill level 15 in Axes
 32371 | Snake:2  | Found a glowing golden altar of the Shining One.
 32403 | Snake:2  | Found a hide-covered altar of Uskayaw.
 32656 | Snake:2  | Found Ladiud's Book Shop.
 32873 | D:14     | Bought a book of Battle for 600 gold pieces
 32876 | D:14     | Learned a level 2 spell: Song of Slaying
 33008 | D:8      | Learned a level 3 spell: Regeneration
 33141 | Snake:2  | Lost mutation: You are resistant to hostile enchantments.
                  | (MR+) [evolution]
 33646 | Snake:2  | Noticed Aizul
 33673 | Snake:2  | Killed Aizul
 34088 | Snake:2  | Found an iron altar of Okawaru.
 34192 | Snake:2  | Noticed Saint Roka
 34205 | Snake:2  | Reached skill level 1 in Charms
 34221 | Snake:2  | Killed Saint Roka
 34221 | Snake:2  | Reached XP level 18. HP: 18/145 MP: 5/21
 35673 | Snake:3  | Received a gift from Okawaru
 35822 | Snake:3  | Reached skill level 14 in Fighting
 35836 | Snake:3  | Received a gift from Okawaru
 35851 | Snake:3  | Got a smoking battleaxe {god gift}
 35852 | Snake:3  | Identified the +8 battleaxe of the Trees {protect, *Corrode
                  | +Inv rElec rC+++} (Okawaru gifted it to you on level 3 of
                  | the Snake Pit)
 36328 | Snake:4  | Entered Level 4 of the Snake Pit
 37108 | Snake:4  | Received a gift from Okawaru
 37300 | Snake:4  | Received a gift from Okawaru
 37330 | Snake:4  | Found Leeggin's Food Shoppe.
 37488 | Snake:4  | Lost mutation: Your spells are a little harder to cast, but
                  | a little more powerful. [evolution]
 37599 | Snake:4  | Reached XP level 19. HP: 132/153 MP: 15/24
 38496 | Snake:4  | Received a gift from Okawaru
 39631 | Snake:4  | Got a serpentine rune of Zot
 39919 | Shoals:1 | Entered Level 1 of the Shoals
 39975 | Shoals:1 | Found a runed translucent door.
 39976 | Shoals:1 | Noticed Toadaguf's ghost (adept TeTm)
 40037 | Shoals:1 | Reached skill level 15 in Fighting
 40039 | Shoals:1 | Received a gift from Okawaru
 40045 | Shoals:1 | Identified the +1 chain mail of Nychozoz {Stlth+} (Okawaru
                  | gifted it to you on level 1 of the Shoals)
 40224 | Shoals:1 | Reached skill level 5 in Spellcasting
 40650 | Shoals:1 | Killed Toadaguf's ghost
 40658 | Shoals:1 | Got a shimmering platinum ring
 40659 | Shoals:1 | Identified the ring of Ojinkudwag {+Blink rF+ Int+2} (You
                  | found it on level 1 of the Shoals)
 40947 | Shoals:2 | Lost mutation: You evolve. [end of evolution]
 40999 | Shoals:2 | Reached XP level 20. HP: 128/162 MP: 18/27
 42335 | Shoals:3 | Found Mynwinad's Mass Market.
 42370 | Shoals:3 | Found a frozen archway.
 42386 | IceCv    | Entered an ice cave
 42440 | IceCv    | Reached skill level 5 in Charms
 42867 | IceCv    | Received a gift from Okawaru
 43150 | IceCv    | Identified the +0 pair of boots "Ypoqiof" {rC++ Stlth+}
                  | (You found it in an ice cave)
 43956 | Shoals:4 | Entered Level 4 of the Shoals
 44023 | Shoals:4 | Lost mutation: You are partially covered in slimy green
                  | scales. (AC +2) [potion of mutation]
 44023 | Shoals:4 | Gained mutation: You are frail. (-10% HP) [potion of
                  | mutation]
 44023 | Shoals:4 | Gained mutation: You are clumsy. (Dex -2) [potion of
                  | mutation]
 44023 | Shoals:4 | Lost mutation: You are frail. (-10% HP) [potion of
                  | mutation]
 44023 | Shoals:4 | Gained mutation: You evolve. [potion of mutation]
 44311 | Shoals:4 | Received a gift from Okawaru
 44319 | Shoals:4 | Identified the +3 large shield "Baung" {Dex+3} (Okawaru
                  | gifted it to you on level 4 of the Shoals)
 44342 | Shoals:4 | Got a barnacled rune of Zot
 44624 | Shoals:4 | Lost mutation: You are clumsy. (Dex -2) [evolution]
 45041 | Shoals:4 | Reached skill level 1 in Necromancy
 45555 | Shoals:4 | Reached XP level 21. HP: 153/170 MP: 20/29
 45599 | Shoals:4 | Reached skill level 16 in Fighting
 45954 | Shoals:4 | Noticed Polyphemus
 45969 | Shoals:4 | Killed Polyphemus
 46514 | Vaults:1 | Entered Level 1 of the Vaults
 46840 | Vaults:1 | Reached skill level 15 in Armour
 46841 | Vaults:1 | Received a gift from Okawaru
 47448 | Vaults:1 | HP: 5/172 [yaktaur/bolt[a yaktaur captain] (22)]
 48531 | Vaults:2 | Reached skill level 17 in Fighting
 48566 | Vaults:2 | Found a runed translucent door.
 48568 | Vaults:2 | Noticed Faedia's ghost (adept GnWn)
 48617 | Vaults:2 | Reached XP level 22. HP: 157/181 MP: 19/30
 48764 | Vaults:2 | Noticed Sojobo
 48798 | Vaults:2 | Killed Sojobo
 49162 | Vaults:2 | Received a gift from Okawaru
 49165 | Vaults:2 | Gained mutation: Your body sometimes deteriorates upon
                  | taking damage. [evolution]
 49670 | Vaults:3 | Reached skill level 5 in Necromancy
 49675 | Vaults:3 | Reached skill level 1 in Evocations
 49701 | Vaults:3 | Noticed Frederick
 49709 | Vaults:3 | Killed Frederick
 49709 | Vaults:3 | Reached skill level 18 in Fighting
 49959 | Vaults:3 | Received a gift from Okawaru
 50166 | Vaults:3 | Received a gift from Okawaru
 50404 | Vaults:3 | Found a staircase to the Crypt.
 50478 | Vaults:3 | Got a scintillating silver ring
 50792 | Vaults:3 | Received a gift from Okawaru
 50792 | Vaults:3 | Reached skill level 19 in Fighting
 51130 | Snake:4  | Got smoking storm dragon scales {god gift}
 51141 | Snake:4  | Identified the +1 storm dragon scales "Socoletz" {*Corrode
                  | rElec rPois rN+ Regen+ Int+2} (Okawaru gifted it to you on
                  | level 4 of the Snake Pit)
 51147 | Snake:4  | Identified the ring of Mistezonwe {*Contam +Blink rC+ Str+3
                  | Stlth+} (You found it on level 3 of the Vaults)
 51928 | Vaults:4 | Received a gift from Okawaru
 51932 | Vaults:4 | Reached XP level 23. HP: 177/194 MP: 22/31
 52018 | Vaults:4 | Found Gozag's Antique Weapon Boutique.
 52155 | Vaults:4 | Found Gozag's Assorted Antiques.
 52159 | Vaults:4 | Found an opulent altar of Gozag.
 52159 | Vaults:4 | Found Gozag's Antique Weapon Boutique.
 52634 | Vaults:4 | Found Sivehe's Distillery.
 52651 | Vaults:4 | Identified the +7 trident of Destiny {flame, rN++ Str+2
                  | Dex+3}
 52705 | Vaults:4 | Bought a potion of brilliance for 60 gold pieces
 52705 | Vaults:4 | Bought 2 potions of heal wounds for 150 gold pieces
 52705 | Vaults:4 | Bought 2 potions of brilliance for 120 gold pieces
 52705 | Vaults:4 | Bought a potion of resistance for 150 gold pieces
 54071 | Elf:1    | Entered Level 1 of the Elven Halls
 54268 | Elf:1    | Received a gift from Okawaru
 54268 | Elf:1    | Reached skill level 20 in Fighting
 54282 | Elf:1    | Got an ancient executioner's axe {god gift}
 54283 | Elf:1    | Identified the +8 executioner's axe of Indomitability
                  | {chop, Dex+4} (Okawaru gifted it to you on level 1 of the
                  | Elven Halls)
 54366 | Elf:1    | Identified the Volume of Summoning
 54371 | Elf:1    | You fall into a shaft and drop 1 floor!
 54458 | Elf:2    | Reached skill level 15 in Throwing
 54604 | Elf:2    | Found a runed translucent gate.
 54604 | Elf:2    | Found a runed translucent gate.
 54605 | Elf:2    | Found a runed translucent gate.
 54804 | Elf:2    | Found a portal to a secret trove of treasure.
 54831 | Elf:2    | Reached skill level 5 in Evocations
 56958 | Elf:2    | You paid a toll of a +5 demon trident to enter a treasure
                  | trove
 56959 | Trove    | Entered a treasure trove
 57039 | Elf:1    | Lost mutation: Your body sometimes deteriorates upon taking
                  | damage. [evolution]
 57721 | Elf:2    | Received a gift from Okawaru
 57939 | D:7      | Bought a potion of cancellation for 88 gold pieces
 57939 | D:7      | Bought a potion of cancellation for 88 gold pieces
 57939 | D:7      | Bought a potion of invisibility for 88 gold pieces
 58077 | D:13     | Bought a potion of might for 52 gold pieces
 58077 | D:13     | Bought a potion of heal wounds for 65 gold pieces
 58077 | D:13     | Bought a potion of heal wounds for 65 gold pieces
 58077 | D:13     | Bought a potion of might for 52 gold pieces
 58077 | D:13     | Bought a potion of brilliance for 52 gold pieces
 58077 | D:13     | Bought a potion of cancellation for 104 gold pieces
 58264 | Elf:3    | Entered Level 3 of the Elven Halls
 58611 | Elf:3    | Received a gift from Okawaru
 58614 | Elf:3    | Reached XP level 24. HP: 184/204 MP: 31/31
 59212 | Elf:3    | Found the +2 cloak of the Thief {+Fog Slay-2 SInv Stlth+}
 59327 | Elf:3    | Got a wavering platinum ring
 59328 | Elf:3    | Identified the ring "Kaystrav" {EV+3 Dex+3} (You found it
                  | on level 3 of the Elven Halls)
 59422 | Elf:3    | Identified the +8 scale mail of Qaorhid {Int+4 Stlth+} (You
                  | found it on level 3 of the Elven Halls)
 60338 | Crypt:1  | Entered Level 1 of the Crypt
 60764 | Crypt:1  | Received a gift from Okawaru
 60781 | Crypt:1  | Got a pair of smoking gloves {god gift}
 60792 | Crypt:1  | Identified the +2 pair of gloves "Gukoorph" {Int+6}
                  | (Okawaru gifted it to you on level 1 of the Crypt)
 61908 | Crypt:2  | Noticed Xtahua
 61914 | Crypt:2  | Killed Xtahua
 61914 | Crypt:2  | Reached skill level 10 in Invocations
 62305 | Crypt:3  | Entered Level 3 of the Crypt
 62470 | Crypt:3  | Gained mutation: Your movements are slightly less
                  | encumbered by armour. (ER -2) [evolution]
 62497 | Crypt:3  | Reached XP level 25. HP: 203/212 MP: 30/31
 62749 | Crypt:3  | Noticed Margery
 62761 | Crypt:3  | Killed Margery
 62824 | Crypt:3  | Reached skill level 21 in Fighting
 62963 | Crypt:3  | Found a staircase to the Tomb.
 62984 | Crypt:3  | Identified Sif Muna's Reference Book on Damaging
                  | Intoxication
 63802 | Crypt:3  | Found an ancient bone altar of Kikubaaqudgha.
 63811 | Crypt:3  | Noticed an ancient lich
 63825 | Crypt:3  | Killed an ancient lich
 63873 | Crypt:3  | Received a gift from Okawaru
 63948 | Crypt:3  | Noticed an ancient lich
 63959 | Crypt:3  | Killed an ancient lich
 64531 | Crypt:3  | Identified the +1 ring mail of the Oligarchy {+Inv Regen+
                  | Int-5} (You found it on level 3 of the Crypt)
 65176 | Orc:2    | Bought a scroll of immolation for 52 gold pieces
 66270 | Vaults:5 | Entered Level 5 of the Vaults
 66290 | Vaults:5 | Received a gift from Okawaru
 66291 | Vaults:5 | Noticed an ancient lich
 66299 | Vaults:5 | Killed an ancient lich
 66489 | Vaults:5 | Reached skill level 22 in Fighting
 66490 | Vaults:5 | Reached XP level 26. HP: 223/223 MP: 11/31
 66517 | Vaults:4 | Received a gift from Okawaru
 66926 | Vaults:5 | Noticed an ancient lich
 66942 | Vaults:5 | Received a gift from Okawaru
 66951 | Vaults:5 | Killed an ancient lich
 66970 | Vaults:5 | Received a gift from Okawaru
 67245 | Vaults:5 | Identified the +7 broad axe of Bauteat {drain, rF+}
 67247 | Vaults:5 | Identified the +4 spear "Dragon's Undoing" {pain, +Fly}
 67333 | Vaults:5 | Found Duqamm's Assorted Antiques.
 67343 | Vaults:5 | Bought a potion of heal wounds for 205 gold pieces
 67451 | Vaults:5 | Got a silver rune of Zot
 67506 | Vaults:5 | Gained mutation: You have a somewhat thin skeletal
                  | structure. (Dex +2, Stealth) [evolution]
 67756 | Vaults:5 | Identified the Tome of the Doomed Compass
 67804 | Vaults:5 | Identified the Papyrus of Toxic Boosts
 67817 | Vaults:5 | Got a fine tin ring
 67818 | Vaults:5 | Identified the ring "Suhiv" {MR+ Str+4} (You found it on
                  | level 5 of the Vaults)
 67989 | Vaults:5 | Identified Omoos's Incunabulum of Burning Black Rites
 67991 | Vaults:5 | Identified the Guide on Displaced Good Luck
 67994 | Vaults:5 | Identified the cursed +0 pair of gloves of Entitlement
                  | {rF++ Str+4 Dex-3} (You found it on level 5 of the Vaults)
 68356 | Depths:1 | Entered Level 1 of the Depths
 68374 | Depths:1 | Received a gift from Okawaru
 68480 | Depths:1 | Found Gyuwem's Blood Bar.
 68503 | Depths:1 | Found a flickering gateway to a bazaar.
 68512 | Bazaar   | Entered a bazaar
 68520 | Bazaar   | Found Myrieh's Jewellery Shop.
 68520 | Bazaar   | Found Hiluolag's Antique Armour Shop.
 68539 | Bazaar   | Bought a pair of scorched boots for 190 gold pieces
 68539 | Bazaar   | Identified the +3 pair of boots "Gicoapeh" {rF+ MR- Int+5}
                  | (You bought it in a shop in a bazaar)
 68570 | Bazaar   | Bought the ring of Filenlon {rPois rF+ MP+9} for 534 gold
                  | pieces
 68768 | Depths:1 | Reached XP level 27. HP: 179/232 MP: 21/31
 69058 | Depths:1 | Found a one-way gate leading to the halls of Pandemonium.
 69442 | Depths:1 | Found a gateway to Hell.
 69623 | Depths:2 | Received a gift from Okawaru
 70256 | Depths:2 | Reached skill level 1 in Unarmed Combat
 70456 | Depths:2 | Noticed a juggernaut
 70471 | Depths:2 | Killed a juggernaut
 70471 | Depths:2 | Received a gift from Okawaru
 70476 | Depths:2 | Reached skill level 5 in Unarmed Combat
 70477 | Depths:2 | Identified the +1 trident "Plog" {flame, MP+9 Int+2}
 70885 | Depths:3 | Found Oseuh's Jewellery Emporium.
 71225 | Depths:3 | Found Zimamap's Food Shop.
 71240 | Depths:3 | Found Weidoaxo's Distillery.
 71240 | Depths:3 | Found Weqaps's General Store.
 71245 | Depths:3 | Found Vuwez's Magic Scroll Boutique.
 71254 | Depths:3 | Bought 2 potions of heal wounds for 180 gold pieces
 71254 | Depths:3 | Bought a potion of resistance for 180 gold pieces
 71349 | Depths:3 | Received a gift from Okawaru
 71881 | Depths:3 | Received a gift from Okawaru
 72097 | Depths:3 | Identified the +0 pair of boots of the Pink Corner {Str+3}
                  | (You found it on level 3 of the Depths)
 72288 | Depths:4 | Received a gift from Okawaru
 72467 | Depths:4 | Found Offeudue's General Store.
 72684 | Depths:4 | Received a gift from Okawaru
 72935 | Depths:4 | Found a one-way gate to the infinite horrors of the Abyss.
 72964 | Depths:4 | Received a gift from Okawaru
 73024 | Depths:4 | Identified the +0 plate armour "Michad" {*Drain rPois
                  | Int+4} (Okawaru gifted it to you on level 4 of the Depths)
 73045 | Depths:4 | Found a transporter.
 73047 | Depths:4 | Found a transporter.
 73299 | Depths:5 | Entered Level 5 of the Depths
 73321 | Depths:5 | Reached skill level 23 in Fighting
 73411 | Depths:5 | Found a gate to the Realm of Zot.
 73467 | Depths:5 | Found a runed translucent gate.
 73469 | Depths:5 | Found a runed translucent gate.
 73512 | Depths:5 | Found a runed translucent gate.
 73513 | Depths:5 | Noticed Hiusot's ghost (veteran BaSu)
 73528 | Depths:5 | Received a gift from Okawaru
 73542 | Depths:5 | Found a gateway to a ziggurat.
 73605 | Depths:5 | Found a magical portal.
 73871 | WizLab   | Noticed a greater mummy
 73885 | WizLab   | Killed a greater mummy
 74056 | WizLab   | Identified a +1 pair of boots of running (Okawaru gifted it
                  | to you on level 5 of the Depths)
 74062 | WizLab   | Gained mutation: Your muscles are strong. (Str +2)
                  | [evolution]
 74235 | Depths:5 | Identified the Catalogue of the Apprentice
 74755 | Depths:5 | Found a viscous altar of Jiyva.
 74802 | Depths:5 | Killed Hiusot's ghost
 75688 | Zot:1    | Entered Level 1 of the Realm of Zot
 75910 | Zot:1    | Received a gift from Okawaru
 76378 | Zot:1    | Noticed a Killer Klown
 76378 | Zot:1    | Noticed a Killer Klown
 76386 | Zot:1    | Killed a Killer Klown
 76387 | Zot:1    | Reached skill level 24 in Fighting
 76391 | Zot:1    | Killed a Killer Klown
 76802 | Zot:2    | Received a gift from Okawaru
 76973 | Zot:2    | Received a gift from Okawaru
 76993 | Zot:2    | Received a gift from Okawaru
 77218 | Zot:2    | Received a gift from Okawaru
 77240 | Zot:2    | Received a gift from Okawaru
 77635 | Depths:4 | Bought a scroll of enchant armour for 120 gold pieces
 78370 | Depths:4 | Got a scorched sapphire amulet
 78371 | Depths:4 | Identified the amulet of Xaucul {Gourm *Drain rF- Dex+8}
                  | (You found it on level 4 of the Depths)
 78612 | Zot:2    | Reached skill level 25 in Fighting
 78935 | Zot:2    | Found the +2 hat of the Bear Spirit {Spirit, +Rage rN+
                  | MR++}
 79067 | Zot:2    | Received a gift from Okawaru
 79095 | Zot:2    | Received a gift from Okawaru
 79429 | Zot:3    | Reached skill level 26 in Fighting
 79673 | Zot:3    | Received a gift from Okawaru
 79793 | Zot:3    | You fall into a shaft and drop 1 floor!
 79830 | Zot:4    | Received a gift from Okawaru
 80044 | Zot:3    | Found the ring of Shadows {Umbra +Inv Stlth+}
 80428 | Zot:4    | Received a gift from Okawaru
 80433 | Zot:4    | Identified the +2 ring mail of Vanity {+Blink +Fly Dex+3}
                  | (Okawaru gifted it to you on level 4 of the Realm of Zot)
 80690 | Zot:5    | Entered Level 5 of the Realm of Zot
 81318 | Zot:5    | Reached skill level 10 in Evocations
 81505 | Zot:5    | Noticed an orb of fire
 81510 | Zot:5    | Killed an orb of fire
 81511 | Zot:5    | Noticed an orb of fire
 81517 | Zot:5    | Killed an orb of fire
 81524 | Zot:5    | Noticed an ancient lich
 81529 | Zot:5    | Killed an ancient lich
 81559 | Zot:5    | Noticed a Killer Klown
 81569 | Zot:5    | Killed a Killer Klown
 81569 | Zot:5    | Received a gift from Okawaru
 81606 | Zot:5    | Noticed a Killer Klown
 81609 | Zot:5    | Killed a Killer Klown
 81609 | Zot:5    | Received a gift from Okawaru
 81611 | Zot:5    | Noticed a Killer Klown
 81611 | Zot:5    | Noticed a Killer Klown
 81614 | Zot:5    | Killed a Killer Klown
 81614 | Zot:5    | Reached skill level 27 in Fighting
 81615 | Zot:5    | Noticed a Killer Klown
 81616 | Zot:5    | Killed a Killer Klown
 81620 | Zot:5    | Killed a Killer Klown
 81620 | Zot:5    | Reached skill level 15 in Invocations
 81622 | Zot:5    | Noticed an ancient lich
 81625 | Zot:5    | Killed an ancient lich
 81696 | Zot:5    | Noticed an ancient lich
 81701 | Zot:5    | Killed an ancient lich
 81732 | Zot:5    | Noticed a Killer Klown
 81746 | Zot:5    | Killed a Killer Klown
 81746 | Zot:5    | Received a gift from Okawaru
 81777 | Zot:5    | Noticed a Killer Klown
 81795 | Zot:5    | Killed a Killer Klown
 81810 | Zot:5    | Identified the +1 pair of boots of Xaud {rF+} (Okawaru
                  | gifted it to you on level 5 of the Realm of Zot)
 82068 | Zot:5    | Got the Orb of Zot
 83036 | D:$      | Escaped with the Orb!

Levels and vault maps discovered:
D:1:      psy_arrival_statuary, layout_loops_corners
D:2:      layout_basic, kiku_gazebo_pond_becter, bloody_trog
D:3:      layout_basic, kennysheep_nub, uniq_grinder
D:4:      layout_basic, minmay_temple_entry_poolview, first_ration,
          kennysheep_generic_room_5
D:5:      layout_basic, lemuel_doored_altar
D:6:      layout_basic, lemuel_coloured_pillars_altar, led_sif_book,
          fedhas_altar_2, serial_curves, eino_curves_01, eino_curves_04,
          minmay_misc_feat_plants, uniq_duvessa
D:7:      minmay_the_grid_four_pointed_star
          [minmay_the_grid_triangle_9x9_flanged_cone,
          minmay_the_grid_triangle_9x9_skeleton,
          minmay_the_grid_triangle_9x9_shrine,
          minmay_the_grid_triangle_9x9_alien,
          minmay_the_grid_prize_four_corners_diamond_b], layout_cave_pools,
          serial_shops, shop, minmay_misc_feat_columns, grunt_decor_clamped
D:8:      cheibrodos_wizards_tower, layout_basic,
          nicolae_dithmenos_through_a_glass_darkly, lair_entry_dummy,
          hangedman_ranch [blue_anna_fruit_fields], uniq_grum, uniq_harold
D:9:      layout_loops_ring, ashenzari_conservatory_becter, serial_shops,
          kennysheep_little_box
D:10:     layout_roguey, minmay_orc_entry_temple_small, dk_noncrumbling_4
D:11:     layout_basic
D:12:     gargoyle_guard, layout_stronghold, serial_shops, shop,
          gammafunk_ghost_icy, uniq_azrael, uniq_kirke, uniq_rupert, uniq_urug
D:13:     layout_gridville, hangedman_vaults_entry_quadrant_bands, basic_altar,
          serial_shops, shop_coins
D:14:     layout_cave_pods, minivault_24, serial_shops, shop,
          roderic_filled_cross
D:15:     gammafunk_enter_depths_forms, layout_gridville, grunt_ministairs_3
Temple:   regret_index_temple_waves
Lair:1:   layout_cave_pods, gauntlet_entry_generic, beast_lair_carwin_9
Lair:2:   layout_loops_ring, elwin_shoals_entry_rooms,
          minmay_snake_entry_guardpost_large, enter_volcano_3
Lair:3:   layout_gridlike
Lair:4:   layout_misc_corridors, serial_forest, infiniplex_forest_clump_tiny,
          infiniplex_forest_zigzag_2, infiniplex_forest_diagonal,
          infiniplex_forest_clump_long, infiniplex_forest_lined_room_2,
          infiniplex_forest_clump_small, minivault_19
Lair:5:   layout_cave_pods, special_room [special_room_mythical_zoo],
          grunt_megastairs_3, infiniplex_staircase_pool
Lair:6:   grunt_lair_end_beastmaster, layout_misc_corridors, slime_altar_1,
          grunt_megastairs_2
Shoals:1: layout_shoals, ebering_ghost_inner_flame
Shoals:2: layout_shoals, nicolae_shoals_drake_roost
Shoals:3: layout_shoals, portal_ice_cave_entry_ice_statue_one, minmay_shop_mass,
          yaktaur_hedge
Shoals:4: shoals_end_hangedman, layout_shoals, nicolae_shoals_mertower,
          uniq_mara, uniq_polyphemus
Snake:1:  layout_misc_corridors, st_stairs_9, serial_bayou_lake_a,
          minmay_shop_grove
Snake:2:  layout_onion, serial_shops, nicolae_shop_trees, basic_altar,
          hangedman_feature_mirror, grunt_ministairs_9, uniq_saint_roka,
          uniq_aizul
Snake:3:  layout_cave_town
Snake:4:  johnstein_snake_rune_scales, layout_basic, serial_shops, shop,
          st_stairs_6, hangedman_snake_corridor_split, grunt_megastairs_1
Orc:1:    layout_caves, gammafunk_ghost_split, basic_altar
Orc:2:    grunt_orc_community_town_hall, layout_diamond_mine,
          grunt_orc_community_big_house_1, grunt_orc_community_big_house_2,
          grunt_orc_community_house_2, grunt_orc_community_house_2,
          grunt_orc_community_house_1, grunt_orc_community_house_1,
          grunt_orc_community_house_2, serial_shops, shop_statue, shop,
          nicolae_shop_behind_doors, roderic_batcave, bloody_makhleb, uniq_snorg
Elf:1:    layout_gridlike, minmay_elf_demonology
Elf:2:    layout_loops_cross, nicolae_trove_entry_crossroad
Elf:3:    elf_hall, layout_geoelf_castle
Vaults:1: hangedman_vaults_cutoff, ontoclasm_vaults_decontamination,
          nicolae_vaults_rhombus_6, st_diamondy, v_misc_32,
          nicolae_vaults_big_angled_halls, v_alt_pattern_4, v_misc_8, v_misc_14,
          hangedman_vaults_corner, nicolae_vaults_network_s,
          hangedman_vaults_nails, nicolae_vaults_network_star,
          vaults_room_stairs_pillars, layout_vaults_omnibox
Vaults:2: ebering_vaults_ghost_reflecting_pool, v_misc_8, hangedman_vaults_hat,
          ontoclasm_vaults_pinch, vaults_room_boxed, v_misc_19,
          hangedman_vaults_cutoff, nicolae_vaults_little_squares_6,
          vaults_dpeg_encased_lava, nicolae_vaults_rhombus_6,
          layout_vaults_big_room, uniq_sojobo
Vaults:3: nicolae_vaults_hallways_thing, vaults_room_ringed_pool,
          nicolae_vaults_big_ls, nicolae_vaults_network_barrier,
          nicolae_vaults_little_squares_6, v_misc_18,
          minmay_crypt_entry_simple_corners, vaults_room_hallway, st_cross,
          nicolae_vaults_ring_of_whatevers, nicolae_vaults_little_squares_5,
          ontoclasm_vaults_spin, nicolae_vaults_border_crossing,
          layout_vaults_omnicross, serial_shops, bzr_in_the_mist, uniq_frederick
Vaults:4: vaults_room_hallway, nicolae_vaults_little_squares_6, v_misc_19,
          v_misc_11, hangedman_vaults_snaps, kennysheep_vaults_gozag_temple,
          ontoclasm_vaults_gateway, layout_vaults_quadrants, serial_shops, shop
Vaults:5: serial_shops
Crypt:1:  layout_regular_city, grunt_crypt_arrival_guarded_gate
Crypt:2:  layout_regular_city, minmay_misc_feat_hallway,
          nicolae_crypt_twisting_catacombs, uniq_xtahua
Crypt:3:  quadcrypt_mu, uniq_margery
Depths:1: layout_gridville, lightli_too_deep, serial_shops, freezing_bzr,
          grunt_pan_entry_spiral, kennysheep_boxes, guppyfry_shop_blood
Depths:2: grunt_runaround [grunt_runaround_doors_1, grunt_runaround_doors_2,
          grunt_runaround_doors_3, grunt_runaround_doors_4,
          grunt_runaround_loot], hell_entry
Depths:3: minmay_skeleton_keep, layout_gridlike, rand_demon_pan_entry_5,
          hell_entry, serial_shops, shop, minmay_staircase_bubble,
          serial_bayou_shore_a, minmay_shoptagon
Depths:4: gammafunk_jiyva_shrine, layout_small_grid, minmay_misc_feat_tiny,
          serial_shops, nicolae_shop_waterfront, abyss_entry, hell_entry,
          firewood_loft, infiniplex_staircase_diamond, grunt_megastairs_4
Depths:5: grunt_zot_entry_funnels, layout_cave_pools, enter_ziggurat_a,
          infiniplex_enter_wizlab_water, grunt_hell_entry_dis_mu,
          minmay_misc_feat_rows, abyss_entry, gammafunk_ghost_ooze
Zot:1:    circus_mu, layout_concentric_octagons
Zot:2:    lemuel_halls_of_wrath, layout_gridlike, st_stairs_2,
          st_small_dragon_hoard_4
Zot:3:    lemuel_acid_trip, layout_concentric_octagons, drop_trap
Zot:4:    layout_basic
Zot:5:    layout_gridlike, grunt_ministairs_5

Skill      XL: |  1  2  3  4  5  6  7  8  9 10 11 12 13 14 15 16 17 18 19 20 21 22 23 24 25 26 27 |
---------------+----------------------------------------------------------------------------------+-----
Fighting       | 2 3 4 5 7 8 9 10 11 12 13 14 15 17 19 20 22 27 | 27.0
Armour         | 1 2 3 4 6 8 9 10 11 12 13 14 15 16 17 20 23 | 23.0
Throwing       | 1 2 3 5 6 7 8 9 10 11 12 13 14 15 16 22 | 22.0
Invocations    | 1 3 5 6 7 10 17 | 17.1
Short Blades   | 1 4 5 6 |  6.0
Shields        | 3 7 10 12 13 15 | 15.0
Axes           | 5 8 11 13 15 16 18 19 20 21 23 | 23.2
Charms         | 1 3 4 5 8 |  8.2
Spellcasting   | 3 5 6 |  6.7
Necromancy     | 1 4 5 |  5.0
Evocations     | 3 5 6 7 8 14 | 14.6
Unarmed Combat | 7 |  7.5
Dodging        | 3 |  3.4
Crossbows      | |  2.7
Hexes          | |  3.8

Action                   |  1- 3 |  4- 6 |  7- 9 | 10-12 | 13-15 | 16-18 | 19-21 | 22-24 | 25-27 || total
-------------------------+-------+-------+-------+-------+-------+-------+-------+-------+-------++-------
Melee: Club              |    96 |     8 |       |       |       |       |       |       |       ||   104
       Whip              |       |   167 |   271 |       |       |       |       |       |       ||   438
       Rapier            |       |       |    96 |   744 |    14 |       |       |       |       ||   854
       Hand axe          |       |       |       |     8 |    16 |       |       |       |       ||    24
       Broad axe         |       |       |       |       |   684 |   353 |       |       |       ||  1037
       Battleaxe         |       |       |       |       |    10 |   985 |  1363 |   499 |       ||  2857
       Executioner's axe |       |       |       |       |       |       |       |   272 |  1779 ||  2051
 Fire: Hand crossbow     |     6 |       |       |     1 |       |       |       |       |       ||     7
Throw: Stone             |    32 |    79 |    28 |       |       |       |       |       |       ||   139
       Dart              |    10 |    70 |   129 |   159 |    17 |       |       |       |       ||   385
       Javelin           |       |       |     2 |    32 |   108 |    18 |    16 |   387 |   620 ||  1183
       Boomerang         |       |       |       |    16 |    83 |       |       |       |       ||    99
 Cast: Corona            |     3 |       |       |       |       |       |       |       |       ||     3
       Song of Slaying   |       |       |       |       |       |     2 |    30 |    83 |   132 ||   247
       Regeneration      |       |       |       |       |       |       |     1 |    10 |    56 ||    67
Invok: Heroism           |       |       |       |     7 |     9 |     4 |     5 |     4 |    31 ||    60
       Finesse           |       |       |       |       |     3 |     4 |     4 |     3 |    13 ||    27
 Abil: Dig               |       |       |     2 |       |       |       |     1 |       |    21 ||    24
       Evoke Invisibilit |       |       |       |       |       |       |       |       |     9 ||     9
Evoke: Wand              |       |       |       |     1 |       |       |       |       |     6 ||     7
  Use: Potion            |       |     1 |       |     2 |     2 |     1 |     5 |       |    22 ||    33
       Scroll            |       |       |     8 |     6 |    21 |     9 |    10 |    18 |    34 ||   106
 Stab: Petrified         |       |       |       |       |       |     3 |       |       |       ||     3
       Distracted        |       |       |       |       |       |       |       |       |     2 ||     2
       Invisible         |       |       |       |       |       |       |       |       |    12 ||    12
  Eat: Chunk             |     1 |     9 |    14 |    21 |    28 |    22 |    20 |    21 |    24 ||   160
       Ration            |       |       |       |     2 |       |     7 |     5 |     9 |    24 ||    47
Armor: Ring mail         |    44 |    93 |   119 |       |       |       |       |       |       ||   256
       Skin              |       |    14 |       |       |       |       |       |       |       ||    14
       Chain mail        |       |       |    94 |    35 |    21 |   378 |   395 |    86 |   355 ||  1364
       Plate armour      |       |       |       |   215 |   282 |       |       |       |       ||   497
       Storm dragon scal |       |       |       |       |       |       |       |    62 |    43 ||   105
       Crystal plate arm |       |       |       |       |       |       |       |       |   110 ||   110
       Gold dragon scale |       |       |       |       |       |       |       |       |   108 ||   108
Dodge: Dodged            |    54 |   119 |   191 |   100 |   111 |   207 |   190 |    77 |   306 ||  1355
Block: Large shield      |       |       |       |   680 |  1072 |  1551 |  1515 |   789 |  2107 ||  7714
       Reflection        |       |       |       |       |    11 |    89 |   135 |    81 |   145 ||   461

Table legend:
 A = Non-vault XP
 B = Vault XP
 C = Vault XP percentage of total XP
 D = Non-vault monster count
 E = Vault monster count
 F = Vault count percentage of total count
                 A         B        C        D         E       F
            +---------+---------+-------+---------+---------+-------
      Total |  928100 | 1079067 |  53.8 |    1579 |    1225 |  43.7
            +---------+---------+-------+---------+---------+-------
        D:1 |      46 |       0 |   0.0 |      20 |       0 |   0.0
        D:2 |     107 |       0 |   0.0 |      21 |       0 |   0.0
        D:3 |     354 |       0 |   0.0 |      32 |       0 |   0.0
        D:4 |     315 |      42 |  11.8 |       8 |       1 |  11.1
        D:5 |     583 |       0 |   0.0 |      19 |       0 |   0.0
        D:6 |     752 |     313 |  29.4 |      17 |       5 |  22.7
        D:7 |    1299 |    1616 |  55.4 |      31 |      18 |  36.7
        D:8 |     371 |    4429 |  92.3 |       4 |      14 |  77.8
        D:9 |    2606 |       0 |   0.0 |      26 |       0 |   0.0
       D:10 |    2912 |     289 |   9.0 |      33 |      11 |  25.0
       D:11 |    5834 |       0 |   0.0 |      43 |       0 |   0.0
       D:12 |    6300 |   16094 |  71.9 |      31 |      34 |  52.3
       D:13 |    3954 |    3696 |  48.3 |      16 |      17 |  51.5
       D:14 |   12982 |       0 |   0.0 |      45 |       0 |   0.0
       D:15 |   13902 |    5428 |  28.1 |      35 |      13 |  27.1
     Lair:1 |    5763 |    1359 |  19.1 |      30 |       8 |  21.1
     Lair:2 |    8930 |    2431 |  21.4 |      36 |      11 |  23.4
     Lair:3 |    1257 |       0 |   0.0 |       5 |       0 |   0.0
     Lair:4 |    4392 |       0 |   0.0 |      20 |       0 |   0.0
     Lair:5 |    3680 |    7984 |  68.4 |      17 |      31 |  64.6
     Lair:6 |   15629 |    8285 |  34.6 |      51 |      18 |  26.1
   Shoals:1 |    9381 |    2480 |  20.9 |      19 |       2 |   9.5
   Shoals:2 |   24513 |    1959 |   7.4 |      51 |       7 |  12.1
   Shoals:3 |    9194 |     814 |   8.1 |      13 |       2 |  13.3
   Shoals:4 |   17040 |   36727 |  68.3 |      30 |      44 |  59.5
    Snake:1 |   11515 |    1181 |   9.3 |      24 |       2 |   7.7
    Snake:2 |   14871 |    9824 |  39.8 |      30 |      15 |  33.3
    Snake:3 |   26313 |       0 |   0.0 |      39 |       0 |   0.0
    Snake:4 |   33416 |   50629 |  60.2 |      61 |      84 |  57.9
      Orc:1 |    4605 |    1704 |  27.0 |      38 |       7 |  15.6
      Orc:2 |    2165 |    7436 |  77.5 |      33 |      77 |  70.0
      Elf:1 |    8829 |    5346 |  37.7 |      17 |       8 |  32.0
      Elf:2 |    9871 |   24585 |  71.4 |      17 |      29 |  63.0
      Elf:3 |   18606 |   35492 |  65.6 |      30 |      21 |  41.2
   Vaults:1 |   27159 |   29297 |  51.9 |      48 |      40 |  45.5
   Vaults:2 |   25309 |   22820 |  47.4 |      39 |      24 |  38.1
   Vaults:3 |   19795 |   38554 |  66.1 |      28 |      42 |  60.0
   Vaults:4 |   28575 |   20520 |  41.8 |      51 |      22 |  30.1
   Vaults:5 |   27360 |  142733 |  83.9 |      41 |      90 |  68.7
    Crypt:1 |   24147 |       0 |   0.0 |      41 |       0 |   0.0
    Crypt:2 |   32226 |    4681 |  12.7 |      41 |       1 |   2.4
    Crypt:3 |       0 |   68780 | 100.0 |       0 |      85 | 100.0
   Depths:1 |   29182 |    5341 |  15.5 |      44 |       7 |  13.7
   Depths:2 |       0 |  120909 | 100.0 |       0 |      95 | 100.0
   Depths:3 |   26099 |   32729 |  55.6 |      36 |      54 |  60.0
   Depths:4 |   44157 |   15505 |  26.0 |      45 |      12 |  21.1
   Depths:5 |   87644 |   38960 |  30.8 |      56 |      24 |  30.0
      Zot:1 |   52308 |   13054 |  20.0 |      36 |      13 |  26.5
      Zot:2 |   72363 |   60191 |  45.4 |      39 |      55 |  58.5
      Zot:3 |   32428 |   43773 |  57.4 |      22 |      45 |  67.2
      Zot:4 |   56085 |       0 |   0.0 |      35 |       0 |   0.0
      Zot:5 |   60976 |  155298 |  71.8 |      35 |      42 |  54.5
      IceCv |       0 |    9437 | 100.0 |       0 |      53 | 100.0
    Volcano |       0 |    6789 | 100.0 |       0 |      15 | 100.0
     WizLab |       0 |   15225 | 100.0 |       0 |      19 | 100.0
   Gauntlet |       0 |    4328 | 100.0 |       0 |       8 | 100.0
            +---------+---------+-------+---------+---------+-------
